 Dungeon Crawl Stone Soup version 0.29-a0-275-g389c0b56f3 (webtiles) character file.

Game seed: 4006440057201458148

4 enile the Basher (level 1, 0/13 HPs)
             Began as a Gnoll Wanderer on Mar 12, 2022.
             Slain by a giant cockroach (1 damage)
             ... on level 1 of the Dungeon.
             The game lasted 00:00:25 (46 turns).

enile the Basher (Gnoll Wanderer)                     Turns: 46, Time: 00:00:25

Health: 0/13       AC:  3    Str: 14    XL:     1   Next: 70%
Magic:  1/1        EV: 11    Int: 10    God:
Gold:   0          SH:  0    Dex:  9    Spells: 0/0 levels left

rFire   . . .      SeeInvis .   a - +2 mace
rCold   . . .      Faith    .   (no shield)
rNeg    . . .      Spirit   .   e - +0 leather armour
rPois   .          Reflect  .   (no helmet)
rElec   .          Harm     .   (no cloak)
rCorr   .          Rampage  .   (no gloves)
Will    .....                   (no boots)
Stlth   ++........              (no amulet)
HPRegen 0.04/turn               (no ring)
MPRegen 0.07/turn               (no ring)

@: no status effects
A: fangs 1, strong nose, distributed training
a: no special abilities


You were on level 1 of the Dungeon.
You visited 1 branch of the dungeon, and saw 1 of its levels.

Inventory:

Hand Weapons
 a - a +2 mace (weapon)
 b - a +0 shortbow
 f - a +2 dagger of electrocution
Armour
 e - a +0 leather armour (worn)
Potions
 d - a potion of brilliance
Miscellaneous
 c - a piece from Xom's chessboard (11/15) (quivered)


   Skills:
 + Level 0.1 Fighting
 + Level 0.1 Short Blades
 + Level 0.1 Long Blades
 + Level 0.1 Axes
 + Level 8.4 Maces & Flails
 + Level 0.1 Polearms
 + Level 0.1 Staves
 + Level 0.1 Slings
 + Level 2.4 Bows
 + Level 0.1 Crossbows
 + Level 0.1 Throwing
 + Level 0.1 Armour
 + Level 0.1 Dodging
 + Level 4.0 Stealth
 + Level 0.1 Shields
 + Level 0.1 Unarmed Combat
 + Level 0.1 Spellcasting
 + Level 0.1 Conjurations
 + Level 0.1 Hexes
 + Level 0.1 Summonings
 + Level 0.1 Necromancy
 + Level 0.1 Translocations
 + Level 0.1 Transmutations
 + Level 0.1 Fire Magic
 + Level 0.1 Ice Magic
 + Level 0.1 Air Magic
 + Level 0.1 Earth Magic
 + Level 0.1 Poison Magic
 + Level 0.2 Invocations
 + Level 6.4 Evocations


You couldn't memorise any spells.
You didn't know any spells.
Your spell library was empty.

Dungeon Overview and Level Annotations

Branches:
Dungeon (1/15)

Altars:


Innate Abilities, Weirdness & Mutations

You have very sharp teeth.
Your uncanny sense of smell can sniff out nearby items.
Your experience applies equally to all skills.


Message History

There are monsters nearby!
There are monsters nearby!
There are monsters nearby!
You hit the kobold.
You kill the kobold!
The goblin hits you but does no damage. The giant cockroach bites you.
You hit the goblin.
The goblin is heavily wounded.
The giant cockroach bites you but does no damage.
The goblin barely misses you.
A ball python comes into view.
The giant cockroach bites you but does no damage.
You closely miss the goblin.
The ball python hisses angrily.
Your bite misses the goblin.
The goblin is heavily wounded.
The goblin hits you with a +0 club.
* * * LOW HITPOINT WARNING * * *
The giant cockroach bites you but does no damage.
Sorry, you're not good enough to have a special ability.
Non-targeted evoke: piece from Xom's chessboard (15/15)
Press: ? - help, Q - select action Dir - look around, f - activate You make a move on Xom's chessboard...
The goblin appears confused.
The goblin barely misses the goblin.
The goblin hits itself with a +0 club.
The goblin is killed!
The giant cockroach barely misses you.
Non-targeted evoke: piece from Xom's chessboard (14/15)
Press: ? - help, Q - select action Dir - look around, f - activate You make a move on Xom's chessboard...
The ball python is outlined in light.
The giant cockroach bites you but does no damage.
Non-targeted evoke: piece from Xom's chessboard (13/15)
Press: ? - help, Q - select action Dir - look around, f - activate You make a move on Xom's chessboard...
The giant cockroach barely resists.
The giant cockroach barely misses you. The goblin closely misses you.
A jackal comes into view.
Non-targeted evoke: piece from Xom's chessboard (12/15)
Press: ? - help, Q - select action Dir - look around, f - activate You make a move on Xom's chessboard...
The ball python twists and deforms.
The giant cockroach bites you.
You die...

#######.##...........#.
#####.##..............
#......#..........#...
#.####............#..#
#.# ###............#
###'## ##...........##
.#..^# .................
.#...# ................#
.#...#..........@......#
.#.<.#..##.....)gB..##..
.#...#.. #......S...# .
.#...# ##........##
.#...# ##........ ###+##
#.###.#... .. #.#h... ##
#.......


You could see a jackal (wandering), a giant cockroach, a goblin and a ball
python (misshapen, corona).

Vanquished Creatures
  A giant cockroach (D:1)
  A kobold (D:1)
  2 goblins (D:1)
4 creatures vanquished.

Notes
Turn   | Place    | Note
-------+----------+-------------------------------------------
     0 | D:1      | enile the Gnoll Wanderer began the quest for the Orb.
     0 | D:1      | enile set off with the following items: a +2 mace, a +0
                  | shortbow, a piece from Xom's chessboard (15/15), a potion
                  | of brilliance, a +0 leather armour
     0 | D:1      | Reached XP level 1. HP: 13/13 MP: 1/1
    46 | D:1      | Slain by a giant cockroach

Illustrated notes

Levels and vault maps discovered:
D:1:      minmay_arrival_up_and_down, layout_rooms,
          shapermc_ecumenical_altar_acropolis

Action                   || total
-------------------------++-------
Melee: Mace              ||    11
Evoke: Piece from Xom's  ||     4
Armor: Leather armour    ||     6
Dodge: Dodged            ||    14

Table legend: (Time is in decaauts)
 A = Elapsed time spent in this place.
 B = Non-inter-level travel time spent in this place.
 C = Inter-level travel time spent in this place.
 D = Time resting spent in this place.
 E = Time spent auto-exploring this place.
 F = Levels seen in this place.
 G = Mean time per level.
                   A        B        C        D        E       F      G
               +--------+--------+--------+--------+--------+-----+--------+
         Total |     45 |     45 |      0 |      0 |     15 |   1 |   45.0 |
       Dungeon |     45 |     45 |      0 |      0 |     15 |   1 |   45.0 |
               +--------+--------+--------+--------+--------+-----+--------+

Top non-repeatable levels by time:
     D:1: 45 daAuts
